 Dungeon Crawl Stone Soup version 0.25-a0-109-ge9c0e85935 (webtiles) character file.

Game seed: 16048685841770271149, levelgen mode: deterministic

209 vurker the Skirmisher (level 6, -6/49 HPs)
             Began as a Formicid Abyssal Knight on Nov 18, 2019.
             Was a Believer of Lugonu.
             Mangled by Edmund
             ... wielding a +3 flail of protection
              (9 damage)
             ... on level 4 of the Dungeon.
             The game lasted 00:04:37 (3389 turns).

vurker the Skirmisher (Formicid Abyssal Knight)     Turns: 3389, Time: 00:04:37

Health: -6/49      AC:  5    Str: 19    XL:     6   Next: 12%
Magic:  8/8        EV: 10    Int: 11    God:    Lugonu [**....]
Gold:   157        SH:  0    Dex: 10    Spells: 5/5 levels left

rFire    . . .     SeeInvis +   d - +0 war axe
rCold    . . .     Gourm    .   (no shield)
rNeg     . . .     Faith    .   k - +0 ring mail
rPois    .         Spirit   .   (helmet unavailable)
rElec    .         Reflect  .   (no cloak)
rCorr    .         Harm     .   (no gloves)
MR       .....                  (no boots)
Stlth    ..........             (no amulet)
HPRegen  0.16/turn              (no ring)
MPRegen  0.11/turn              (no ring)

@: no status effects
A: permanent stasis, dig shafts and tunnels, four strong arms, antennae 3
a: Dig, Shaft Self, Depart the Abyss, Bend Space, Renounce Religion


You were on level 4 of the Dungeon.
You worshipped Lugonu.
Lugonu was pleased with you.
You were very hungry.

You visited 1 branch of the dungeon, and saw 4 of its levels.
You visited the Abyss 1 time.

You collected 157 gold pieces.

Inventory:

Hand Weapons
 d - a +0 war axe (weapon)
   (You took it off a kobold on level 2 of the Dungeon)
Armour
 k - a +0 ring mail (worn)
   (You found it on level 1 of the Dungeon)
Wands
 u - a wand of paralysis (7)
   (You found it on level 4 of the Dungeon)
Scrolls
 b - a scroll of identify
Potions
 g - a potion of might
 i - 2 potions of lignification
 j - a potion of curing
 l - a potion of agility
Comestibles
 e - 8 rations


   Skills:
 + Level 4.4 Fighting
 * Level 4.3 Axes
 - Level 2.1 Armour
 - Level 0.8 Dodging
 + Level 3.9 Invocations


You had 5 spell levels left.
You didn't know any spells.
Your spell library was empty.

Dungeon Overview and Level Annotations

Branches:
Dungeon (4/15)
 Temple: D:4-7

Altars:
Cheibriados
Dithmenos
Okawaru
Uskayaw

Annotations:
D:4 Edmund


Innate Abilities, Weirdness & Mutations

You cannot be hasted, slowed, berserked, paralysed or teleported.
You can dig through walls and to a lower floor.
Your four strong arms can wield two-handed weapons with a shield.
You have a pair of large antennae on your head. (SInv)


Message History

You hit Edmund but do no damage. Edmund hits you but does no damage.
You closely miss Edmund.
Edmund hits you with a +3 flail of protection.
You slash Edmund!
Edmund drinks a potion.
Edmund is healed!
You hit Edmund but do no damage.
Edmund hits you with a +3 flail of protection.
* * * LOW HITPOINT WARNING * * *
You barely miss Edmund. Edmund misses you.
You hit Edmund but do no damage. Edmund hits you but does no damage.
You barely miss Edmund.
Edmund hits you with a +3 flail of protection!
* * * LOW HITPOINT WARNING * * *
Aim: Edmund, wielding a +3 flail of protection and wearing a +0 scale mail (chance to defeat MR: 46%) Edmund resists with some effort.
Edmund hits you with a +3 flail of protection.
* * * LOW HITPOINT WARNING * * *
Aim: Edmund, wielding a +3 flail of protection and wearing a +0 scale mail (chance to defeat MR: 46%) Edmund resists with some effort.
Edmund hits you with a +3 flail of protection.
* * * LOW HITPOINT WARNING * * *
Aim: Edmund, wielding a +3 flail of protection and wearing a +0 scale mail (chance to defeat MR: 46%) Edmund suddenly stops moving!
The helpless Edmund fails to defend himself.
You slash Edmund!
The helpless Edmund fails to defend himself.
You hit Edmund but do no damage.
The helpless Edmund fails to defend himself.
You slash Edmund!
The helpless Edmund fails to defend himself.
You hit Edmund but do no damage.
The helpless Edmund fails to defend himself.
You hit Edmund.
The helpless Edmund fails to defend himself.
You slash Edmund!
You are feeling very hungry.
The helpless Edmund fails to defend himself.
You hit Edmund but do no damage.
The helpless Edmund fails to defend himself.
You hit Edmund but do no damage.
The helpless Edmund fails to defend himself.
You hit Edmund.
Edmund is no longer paralysed.
Edmund hits you with a +3 flail of protection.
* * * LOW HITPOINT WARNING * * *
You hit Edmund but do no damage. Edmund hits you but does no damage.
You barely miss Edmund. Edmund barely misses you.
You hit Edmund. Edmund completely misses you.
You closely miss Edmund. Edmund barely misses you.
You hit Edmund but do no damage.
Edmund hits you with a +3 flail of protection!
You die...

.##..........#
..#..#.......#
<....##.....## #
..#...#......# ..
..#..##.....### .##
............#.## ...#
...............# .....
...........#...###......
...........##..#@@..._..
............#....#......
####.......#.....# .....
#.............# ...#
#........####..# .##
...... #... .. (.....
#... . ..###. .... ...


You could see Edmund.

Vanquished Creatures
  An orc priest (D:3)
  An orc wizard (D:3)
  A bullfrog skeleton (D:4)
  Robin (D:3)
  5 adders
  A shadow imp (D:2)
  A dart slug (D:1)
  2 leopard geckos
  3 orcs (D:3)
  4 giant cockroaches
  9 hobgoblins
  2 ball pythons (D:2)
  7 bats
  3 frilled lizards
  8 goblins
  7 kobolds
  A rat (D:1)
57 creatures vanquished.

Notes
Turn   | Place    | Note
-------+----------+-------------------------------------------
     0 | Abyss:1  | vurker the Formicid Abyssal Knight began the quest for the
                  | Orb.
     0 | Abyss:1  | Reached XP level 1. HP: 18/18 MP: 2/2
     7 | D:1      | Escaped the Abyss
   359 | D:1      | Reached XP level 2. HP: 24/24 MP: 3/3
   869 | D:2      | Found a hide-covered altar of Uskayaw.
   874 | D:2      | Found an iron altar of Okawaru.
  1070 | D:2      | Reached XP level 3. HP: 18/29 MP: 3/5
  1776 | D:2      | Reached XP level 4. HP: 35/37 MP: 6/6
  2305 | D:3      | Reached ** piety under Lugonu
  2372 | D:3      | Reached XP level 5. HP: 34/42 MP: 7/7
  2532 | D:3      | Found a shadowy altar of Dithmenos.
  2612 | D:3      | Noticed Robin
  2626 | D:3      | Killed Robin
  3207 | D:4      | Noticed an ogre
  3241 | D:4      | Reached XP level 6. HP: 34/49 MP: 8/8
  3356 | D:4      | Found a snail-covered altar of Cheibriados.
  3357 | D:4      | Noticed Edmund
  3384 | D:4      | HP: 2/49 [Edmund/+3 flail of protection (3)]
  3389 | D:4      | Mangled by Edmund

Levels and vault maps discovered:
D:1:      nzn_arrival_crosshair, layout_loops_cross
D:2:      cheibrodos_old_hovel, layout_basic,
          chequers_temple_overflow_statue_of_worship, dk_noncrumbling_3
D:3:      layout_loops_ring, first_ration, chequers_serial_rivers_small_b,
          serial_bayou_pond_c, grunt_ministairs_14,
          hangedman_abyss_or_decor_lesser_grid, grunt_dithmenos_smoke,
          uniq_robin
D:4:      layout_cave_pools, lemuel_round_altar, lemuel_crystal_altar,
          gammafunk_ghost_grave, uniq_edmund, uniq_duvessa, uniq_natasha

Skill      XL: |  1  2  3  4  5 |
---------------+----------------+-----
Axes           | 3 4 |  4.3
Invocations    | 3 |  3.9
Fighting       | 4 |  4.4
Armour         | |  2.1
Dodging        | |  0.8

Action                   |  1- 3 |  4- 6 || total
-------------------------+-------+-------++-------
Melee: Hand axe          |    33 |       ||    33
       Staff             |    47 |       ||    47
       War axe           |     8 |   121 ||   129
Evoke: Wand              |       |     3 ||     3
  Use: Scroll            |     7 |     2 ||     9
 Stab: Paralysed         |       |     9 ||     9
  Eat: Chunk             |     2 |     5 ||     7
Armor: Leather armour    |     6 |       ||     6
       Ring mail         |    28 |    54 ||    82
Dodge: Dodged            |    49 |    63 ||   112

Table legend:
 A = Non-vault XP
 B = Vault XP
 C = Vault XP percentage of total XP
 D = Non-vault monster count
 E = Vault monster count
 F = Vault count percentage of total count
                 A         B        C        D         E       F
            +---------+---------+-------+---------+---------+-------
      Total |     265 |      34 |  11.4 |      46 |      11 |  19.3
            +---------+---------+-------+---------+---------+-------
        D:1 |      18 |       0 |   0.0 |       9 |       0 |   0.0
        D:2 |      54 |       2 |   3.6 |      15 |       1 |   6.2
        D:3 |     141 |      32 |  18.5 |      20 |      10 |  33.3
        D:4 |      52 |       0 |   0.0 |       2 |       0 |   0.0
            +---------+---------+-------+---------+---------+-------
